 Dungeon Crawl Stone Soup version 0.31.0-9-g3a7656b989 (webtiles) character file.

Game seed: 18260596637966152073

945 Killerpretzel the Thaumaturge (level 7, -1/36 HPs)
             Began as a Deep Elf Conjurer on Jan 24, 2024.
             Was an Initiate of Vehumet.
             Slain by a sky beast (6 damage)
             ... on level 6 of the Dungeon on Jan 25, 2024.
             The game lasted 00:26:26 (5400 turns).

Killerpretzel the Thaumaturge (Deep Elf Conjurer)   Turns: 5400, Time: 00:26:27

Health: -1/36      AC:  4    Str: 10    XL:     7   Next: 89%
Magic:  7/24       EV: 12    Int: 25    God:    Vehumet [......]
Gold:   278        SH:  0    Dex: 13    Spells: 23/29 levels left

rFire   + . .        v - +2 dagger (venom)
rCold   + . .        (no shield)
rNeg    . . .        a - +0 robe
rPois   .            g - +0 helmet
rElec   .            z - scarf {rC+ rF+}
rCorr   .            s - +0 pair of gloves
SInv    .            (no boots)
Will    .....        (no amulet)
Stlth   ++           u - +6 ring of strength
HPRegen 0.26/turn    (no ring)
MPRegen 0.19/turn

%: no passive effects
@: no status effects
A: no striking features
a: Renounce Religion


You were on level 6 of the Dungeon.
You worshipped Vehumet.
Vehumet was noncommittal.
You visited 2 branches of the dungeon, and saw 7 of its levels.

You collected 278 gold pieces.

Inventory:

Hand Weapons
 d - a +0 whip
 j - a +0 short sword
 v - a +2 dagger of venom (weapon)
Armour
 a - a +0 robe (worn)
 g - a +0 helmet (worn)
 o - a +0 helmet
 s - a +0 pair of gloves (worn)
 z - a scarf of resistance (worn)
Jewellery
 u - a +6 ring of strength (left hand)
Wands
 n - a wand of mindburst (15)
 x - a wand of quicksilver (6)
Scrolls
 c - 4 scrolls of identify
 e - a scroll of fog {unknown}
 f - 2 scrolls of brand weapon
 h - 2 scrolls of noise {unknown}
 m - 2 scrolls of immolation {unknown}
 p - a scroll of enchant armour {unknown}
 r - a scroll of vulnerability {unknown}
 t - a scroll of enchant weapon {unknown}
 w - a scroll of teleportation {unknown}
 y - a scroll of blinking {unknown}
Potions
 b - 2 potions of magic
 i - a potion of lignification
 k - a potion of haste {unknown}
 l - a potion of attraction {unknown}


   Skills:
 - Level 2.4 Dodging
 - Level 2.4 Stealth
 * Level 11.7 Spellcasting
 * Level 5.1 Conjurations


You had 23 spell levels left.
You knew the following spells:

 Your Spells              Type           Power      Damage    Failure   Level
a - Magic Dart            Conj           100%       1d8       1%          1
b - Searing Ray           Conj           80%        2d7       1%          2
c - Blink                 Tloc           28%        N/A       6%          2
d - Apportation           Tloc           28%        N/A       4%          1

Your spell library contained the following spells:

 Spells                   Type           Power      Damage    Failure   Level
 Ensorcelled Hibernation  Hex/Ice        28%        N/A       6%          2
 Fugue of the Fallen      Necr           14%        N/A       12%         3
 Passwall                 Erth           14%        N/A       12%         3
 Swiftness                Air            14%        N/A       12%         3
 Volatile Blastmotes      Fire/Tloc      28%        2d12      12%         3
 Fulminant Prism          Conj/Alch      13%        3d9       14%         4
 Iskenderun's Mystic Bla  Conj/Tloc      27%        2d7       14%         4
 Anguish                  Hex/Necr       7%         N/A       38%         4
 Passage of Golubria      Tloc           14%        N/A       38%         4
 Summon Forest            Summ/Tloc      7%         N/A       75%         5


Dungeon Overview and Level Annotations

Branches:
Dungeon (6/15)             Temple (1/1) D:5

Altars:
Ashenzari
Cheibriados
Dithmenos
Elyvilon
Fedhas
Gozag
Hepliaklqana
Kikubaaqudgha
Makhleb
Nemelex Xobeh
Okawaru
Ru
Sif Muna
Uskayaw
Vehumet
Wu Jian
Xom
Yredelemnul
Zin
The Shining One


Message History

Press: ? - help, Shift-Dir - straight line, f/p - kobold
Aim: a kobold, wielding a +0 short sword and quivering stones (severely wounded, 100% to hit)
The magic dart hits the kobold.
You kill the kobold!
Vehumet accepts your kill.
Things that are here:
a +0 short sword; 5 stones; a kobold corpse A sky beast comes into view.
The sky beast flickers out of sight!
Deactivating autopickup; reactivate with Ctrl-A.
Items here: ( )) †.
Okay, then.
Something hits you. Something shocks you.
You closely miss something. Something hits you but does no damage.
Casting: Magic Dart (safe; 1% risk of failure)
Confirm with . or Enter, or press ? or * to list all spells.
You can't see any susceptible monsters within range! (Use Z to cast anyway.)
Casting: Magic Dart (safe; 1% risk of failure)
Confirm with . or Enter, or press ? or * to list all spells.
Aiming: Searing Ray (safe; 1% risk of failure)
Press: ? - help, Shift-Dir - straight line The searing ray hits something. (Press . to maintain the ray.)
Something hits you. Something shocks you.
The searing ray hits something.
Something hits you. Something shocks you.
* * * LOW HITPOINT WARNING * * *
You feel better.
A sky beast appears from thin air!
Reactivating autopickup.
The sky beast hits you but does no damage.
The sky beast hits you. The sky beast shocks you.
* * * LOW HITPOINT WARNING * * *
As you read the scroll labelled VAYSOTH ORANI, it crumbles to dust.
It is a scroll of identify.
f - 2 scrolls of brand weapon The sky beast flickers out of sight!
Deactivating autopickup; reactivate with Ctrl-A.
Something hits you.
* * * LOW HITPOINT WARNING * * *
Something shocks you.
You die...

## #.# #...≈.≈≈≈(≈.≈ .
#...##K#.≈.....≈..
#.#.>......≈≈≈≈≈≈≈≈≈
.#.#K##.K...≈.....≈
......[..≈.≈.≈≈≈.≈ #
#.##.....≈.≈.._≈.≈
####.#.#####..≈.≈≈≈≈≈.≈
.......)####..≈.......≈
.####....)@{).≈≈≈≈≈≈≈≈≈
#...#####†.........
#...# #.......#.. #...#
#.......... #...#
#.##.##.#######
#...#####.##.<#.# #^..
...........##.#.####...
............##.#........
..............####...


There were no monsters in sight!

Vanquished Creatures
  A water moccasin (D:5)
  An ogre (D:5)
  A kobold brigand (D:6)
  4 scorpions
  2 bombardier beetles
  2 howler monkeys
  A hound (D:5)
  A jelly (D:5)
  An orc wizard (D:4)
  Robin (D:3)
  8 adders
  3 gnolls (D:4)
  2 ufetubi (D:6)
  A dart slug (D:3)
  A ribbon worm (D:3)
  13 orcs
  2 bats
  5 endoplasms
  2 giant cockroaches
  13 goblins
  2 hobgoblins
  15 kobolds
  7 quokkas
  7 ball pythons
  3 frilled lizards
  6 rats
105 creatures vanquished.

Notes
Turn   | Place    | Note
-------+----------+-------------------------------------------
     0 | D:1      | Killerpretzel the Deep Elf Conjurer began the quest for the
                  | Orb.
     0 | D:1      | Reached XP level 1. HP: 10/10 MP: 6/6
   503 | D:1      | Reached XP level 2. HP: 15/15 MP: 5/8
   898 | D:1      | Reached skill level 4 in Spellcasting
   975 | D:1      | Learned a level 2 spell: Searing Ray
  1158 | D:2      | Reached XP level 3. HP: 19/19 MP: 7/11
  1558 | D:2      | Reached skill level 5 in Spellcasting
  1677 | D:2      | Got the Omnibus of Position
  1698 | D:2      | Learned a level 2 spell: Blink
  1852 | D:3      | Found a faded altar of an unknown god.
  1973 | D:3      | Noticed Robin
  1978 | D:3      | Killed Robin
  1979 | D:3      | Reached XP level 4. HP: 21/24 MP: 4/13
  2143 | D:3      | Reached skill level 6 in Spellcasting
  2637 | D:3      | Found a shimmering altar of Xom.
  3070 | D:4      | Reached XP level 5. HP: 28/28 MP: 9/16
  3154 | D:4      | Reached skill level 7 in Spellcasting
  3171 | D:4      | Found a broken altar of Ashenzari.
  3366 | D:4      | Reached skill level 8 in Spellcasting
  3728 | D:4      | Reached XP level 6. HP: 32/32 MP: 16/19
  4136 | D:4      | Found a hazy altar of Hepliaklqana.
  4140 | D:4      | Found a glowing silver altar of Zin.
  4143 | D:4      | Found a basalt altar of Yredelemnul.
  4149 | D:4      | Found a burning altar of Makhleb.
  4153 | D:4      | Found a sparkling altar of Nemelex Xobeh.
  4159 | D:4      | Found a glowing golden altar of the Shining One.
  4163 | D:4      | Found a radiant altar of Vehumet.
  4167 | D:4      | Became a worshipper of Vehumet
  4228 | D:5      | Entered Level 5 of the Dungeon
  4275 | D:5      | Reached skill level 9 in Spellcasting
  4356 | D:5      | Reached skill level 10 in Spellcasting
  4356 | D:5      | Reached XP level 7. HP: 36/36 MP: 10/22
  4424 | D:5      | Found a staircase to the Ecumenical Temple.
  4431 | Temple   | Entered the Ecumenical Temple
  4747 | D:5      | Learned a level 1 spell: Apportation
  4804 | D:5      | Reached skill level 11 in Spellcasting
  5058 | D:5      | Found a snail-covered altar of Cheibriados.
  5269 | D:6      | Found a blossoming altar of Fedhas.
  5301 | D:6      | Found a shimmering blue altar of Sif Muna.
  5343 | D:6      | Found an ornate altar of the Wu Jian Council.
  5388 | D:6      | Reached skill level 5 in Conjurations
  5400 | D:6      | Slain by a sky beast

Illustrated notes

Levels and vault maps discovered:
D:1:      elethiomel_arrival_infinity_welcomes_careful_drivers, layout_basic
D:2:      layout_basic
D:3:      layout_loops_ring, lemuel_doored_altar,
          dreamdust_ecumenical_altar_grove, kennysheep_pointless_box, uniq_robin
D:4:      layout_basic, mainiacjoe_overflow_alcove_2,
          grunt_temple_overflow_octagram
D:5:      layout_basic, slow_altar_2, minmay_temple_entry_junction_2
D:6:      layout_loops_cross, nicolae_overflow_hidden_temple,
          mainiacjoe_overflow_catwalk_spiral, item_on_display_a, uniq_sigmund
Temple:   nicolae_temple_superstar

Skill      XL: |  1  2  3  4  5  6  7 |
---------------+----------------------+-----
Spellcasting   | 4 5 6 8 10 11 | 11.7
Conjurations   | 5 |  5.1
Dodging        | |  2.4
Stealth        | |  2.4

Action                     |  1- 3 |  4- 6 |  7- 9 || total
---------------------------+-------+-------+-------++-------
  Melee: Dagger            |       |       |     1 ||     1
   Cast: Magic Dart        |    54 |    73 |    28 ||   155
         Searing Ray       |     2 |    18 |    15 ||    35
    Use: Potion            |       |       |     3 ||     3
         Scroll            |       |       |     1 ||     1
 Armour: Robe              |     2 |     6 |    23 ||    31
  Dodge: Dodged            |     4 |    10 |     9 ||    23
